 Dungeon Crawl Stone Soup version 0.26.0-57-g60708a5e39 (webtiles) character file.

Game seed: 7976181861095688882

592 Gadfly the Unbeliever (level 7, 0/66 HPs)
             Began as an Ogre Gladiator on Feb 2, 2021.
             Killed by divine providence
             ... invoked by an orc priest
              (9 damage)
             ... on level 5 of the Dungeon.
             The game lasted 00:07:55 (8334 turns).

Gadfly the Unbeliever (Ogre Gladiator)              Turns: 8334, Time: 00:07:56

Health: 0/66       AC:  4    Str: 21      XL:     7   Next: 39%
Magic:  10/10      EV: 10    Int: 13 (15) God:
Gold:   210        SH:  0    Dex:  9 (10) Spells: 6/6 levels left

rFire    . . .     SeeInvis .   a - +0 flail
rCold    . . .     Faith    .   (no shield)
rNeg     . . .     Spirit   .   j - +0 robe
rPois    .         Reflect  .   c - +1 hat
rElec    .         Harm     .   (no cloak)
rCorr    +         Rampage  .   (gloves unavailable)
Will     .....                  (boots unavailable)
Stlth    +.........             (no amulet)
HPRegen  0.21/turn              k - ring of resist corrosion
MPRegen  0.12/turn              n - +6 ring of intelligence

@: no status effects
A: large, unfitting armour, tough skin 1
a: no special abilities


You were on level 5 of the Dungeon.
You visited 1 branch of the dungeon, and saw 5 of its levels.

You collected 210 gold pieces.

Inventory:

Hand Weapons
 a - a +0 flail (weapon)
 b - a +0 morningstar
 o - a +0 giant club
Missiles
 d - 3 throwing nets
 e - 6 javelins
 g - 179 stones (quivered)
Armour
 c - a +1 hat (worn)
 j - a +0 robe (worn)
Jewellery
 k - a ring of resist corrosion (left hand)
 n - a +6 ring of intelligence (right hand)
 q - an uncursed amulet of reflection {unknown}
Wands
 l - a wand of flame (21)
 p - a wand of polymorph (7)
Scrolls
 f - a scroll of remove curse
 h - 2 scrolls of enchant armour
 i - a scroll of fog


   Skills:
 + Level 2.7 Fighting
 * Level 3.6 Maces & Flails
 * Level 3.2 Throwing
 * Level 2.9 Armour
 - Level 2.6 Dodging
 + Level 4.0 Invocations
 * Level 2.8 Evocations


You had 6 spell levels left.
You didn't know any spells.
Your spell library was empty.

Dungeon Overview and Level Annotations

Branches:
Dungeon (5/15)
 Temple: D:4-7

Altars:
Ashenzari
Makhleb
Ru
Vehumet

Shops:
D:4 }

Annotations:
D:4 2 transporters, kaeus's ghost, amateur OpFi


Innate Abilities, Weirdness & Mutations

You are too large for most types of armour.
You have tough skin. (AC +1)


Message History

You easily resist.
The orc wizard hits you with a +0 dagger.
* * * LOW HITPOINT WARNING * * *
The orc wizard barely misses you.
The orc wizard points at you and mumbles some strange words.
The magic dart hits you.
* * * LOW HITPOINT WARNING * * *
The worker ant zombie waves its antennae.
The orc wizard hits you with a +0 dagger.
* * * LOW HITPOINT WARNING * * *
The orc wizard hits you but does no damage.
Evoke which item? (* to show all) (? for menu, Esc to quit)
Aiming: Polymorph
Press: ? - help, Shift-Dir - straight line, f/p - orc wizard
Aim: an orc wizard, wielding a +0 dagger and wearing a +0 robe (moderately wounded, fast, will become a howler monkey, a fire bat, or a swamp drake, chance to affect: 54%)
The orc wizard evaporates and reforms as a swamp drake!
The swamp drake closely misses you.
The orc priest mumbles some strange prayers to Beogh against you.
Beogh smites you!
You die...

### ### ###.# ##.#
#...# ##.##
#...####.##
##...##..#
##.......## ####
#..o.g...# ...
##...#k.@.## #.>
#.o######..## #..
##Z## ##..##
#######.. #.##
#...####........
#..#
#...............
##.##
###...........>...
#gZ#
##.....>......#####
##o#
##............##
##.#
#?.####.......##


You could see a swamp drake, an orc priest and a gnoll.

Vanquished Creatures
  A phantom (D:4)
  An ogre (D:5)
  A howler monkey (D:4)
  3 hounds
  An orc priest (D:3)
  A bullfrog skeleton (D:5)
  Jessica (D:3)
  2 worker ants
  8 adders
  A shadow imp (D:5)
  An adder zombie (D:5)
  A worm (D:4)
  A leopard gecko (D:5)
  16 orcs
  A giant cockroach (D:3)
  4 goblins
  7 hobgoblins
  2 jackals (D:3)
  4 kobolds
  2 quokkas
  6 bats
  7 frilled lizards
  A jackal skeleton (D:4)
  5 rats
78 creatures vanquished.

Notes
Turn   | Place    | Note
-------+----------+-------------------------------------------
     0 | D:1      | Gadfly the Ogre Gladiator began the quest for the Orb.
     0 | D:1      | Reached XP level 1. HP: 22/22 MP: 1/1
   321 | D:1      | Reached XP level 2. HP: 9/29 MP: 2/2
  1300 | D:2      | Reached skill level 1 in Invocations
  1349 | D:2      | Reached XP level 3. HP: 31/36 MP: 3/3
  1404 | D:2      | Reached skill level 1 in Armour
  1404 | D:2      | Reached skill level 1 in Evocations
  2631 | D:3      | Reached XP level 4. HP: 36/44 MP: 5/5
  3026 | D:3      | Reached skill level 2 in Invocations
  3105 | D:3      | Noticed Jessica
  3116 | D:3      | Killed Jessica
  3167 | D:3      | Reached XP level 5. HP: 42/50 MP: 6/6
  3806 | D:3      | Found a sacrificial altar of Ru.
  3806 | D:3      | Found a burning altar of Makhleb.
  4058 | D:4      | Found a transporter.
  4059 | D:4      | Noticed a phantom
  5592 | D:4      | Reached XP level 6. HP: 50/59 MP: 8/8
  5649 | D:4      | Reached skill level 3 in Invocations
  5967 | D:4      | Found a radiant altar of Vehumet.
  6086 | D:4      | Identified the +4 great mace of Recklessness {drain, Dex+5}
  6087 | D:4      | Noticed kaeus's ghost (amateur OpFi)
  6105 | D:4      | Found a transporter.
  6109 | D:4      | Killed a phantom
  6452 | D:4      | Found Ugoinaff's Gadget Emporium.
  6463 | D:4      | Found a broken altar of Ashenzari.
  7304 | D:5      | Entered Level 5 of the Dungeon
  7569 | D:5      | Reached XP level 7. HP: 14/66 MP: 9/9
  8124 | D:5      | Reached skill level 4 in Invocations
  8334 | D:5      | Killed from afar by an orc priest

Illustrated notes

Levels and vault maps discovered:
D:1:      dpeg_arrival_circle_labyrinth_c, layout_basic, chequers_arboretum
D:2:      layout_basic
D:3:      layout_loops_corners, gammafunk_temple_overflow_elements, uniq_jessica
D:4:      layout_layer_cave, ashenzari_altar_1, serial_shops,
          nicolae_shop_statue_plus, gammafunk_ghost_smash,
          grunt_decor_resistance, vehumet_altar_wand_db
D:5:      layout_layer_cave, nicolae_overflow_crystal_walls, serial_shops, shop

Skill      XL: |  1  2  3  4  5  6  7 |
---------------+----------------------+-----
Invocations    | 1 2 3 4 |  4.0
Armour         | 1 2 |  2.9
Evocations     | 1 2 |  2.8
Maces & Flails | 3 |  3.6
Throwing       | 3 |  3.2
Fighting       | |  2.7
Dodging        | |  2.6

Action                   |  1- 3 |  4- 6 |  7- 9 || total
-------------------------+-------+-------+-------++-------
Melee: Flail             |    76 |   221 |    44 ||   341
       Morningstar       |       |    17 |       ||    17
Throw: Stone             |    17 |    21 |    10 ||    48
Evoke: Wand              |       |       |     1 ||     1
  Use: Scroll            |     7 |     7 |       ||    14
       Potion            |       |     3 |     1 ||     4
Armor: Robe              |    28 |    74 |    16 ||   118
Dodge: Dodged            |    44 |   119 |    30 ||   193
